 Dungeon Crawl Stone Soup version 0.23.0 (webtiles) character file.

Game seed: 10343172775234633350

1621 Kairos the Chopper (level 8, -2/63 HPs)
             Began as a Vine Stalker Fighter on Feb 10, 2019.
             Succumbed to Duvessa's poison
             ... on level 6 of the Dungeon.
             The game lasted 00:10:15 (5067 turns).

Kairos the Chopper (Vine Stalker Fighter)           Turns: 5067, Time: 00:10:15

Health: -2/63      AC:  8    Str: 25    XL:     8   Next: 96%
Magic:  5/9        EV:  9    Int:  8    God:
Gold:   350        SH: 10    Dex: 15    Spells: 7/7 levels left

rFire    . . .     SeeInvis .   G - +1 war axe (elec)
rCold    . . .     Gourm    .   c - +0 shield
rNeg     . . .     Faith    .   b - +1 scale mail
rPois    .         Spirit   +   (no helmet)
rElec    .         Reflect  .   (no cloak)
rCorr    .         Harm     .   (no gloves)
MR       +....                  (no boots)
Stlth    ..........             (no amulet)
HPRegen  0.60/turn              (no ring)
MPRegen  0.11/turn              (no ring)

@: berserking (expiring), lethally poisoned (-2 -> -52), hasted, very quick
A: fangs 3, regeneration 1, magic shield, antimagic bite, no potion heal 3, rot
immunity
a: no special abilities


You were on level 6 of the Dungeon.
You were hungry.

You visited 1 branch of the dungeon, and saw 6 of its levels.
You also visited: Sewer.

You collected 350 gold pieces.

Inventory:

Hand Weapons
 a - a +0 war axe
 s - a +2 flail of draining
 B - a +2 hand axe of flaming
 F - the +11 quarterstaff of Fragile Peace {crush, rF- Dex+6, unknown}
   (You found it on level 6 of the Dungeon)

   It inflicts extra damage upon your enemies.
   It affects your dexterity (+6).
   It makes you vulnerable to fire.
 G - a +1 war axe of electrocution (weapon)
Missiles
 j - 2 throwing nets (quivered)
Armour
 b - a +1 scale mail (worn)
 c - a +0 shield (worn)
Wands
 t - a wand of paralysis (4)
Scrolls
 h - 4 scrolls of teleportation
 m - 2 scrolls of enchant armour
 o - 3 scrolls of remove curse {unknown}
 p - 3 scrolls of identify {unknown}
 v - 2 scrolls of fear
 w - a scroll of immolation {unknown}
 x - a scroll of fog {unknown}
 y - a scroll of amnesia {unknown}
 D - a scroll of random uselessness {unknown}
Potions
 d - 2 potions of might
 g - 4 potions of haste
 i - a potion of brilliance {unknown}
 k - a potion of curing {unknown}
 l - a potion of lignification {unknown}
 n - a potion of resistance {unknown}
 q - a potion of cancellation {unknown}
 r - 3 potions of magic
 u - a potion of degeneration {unknown}
 z - 2 potions of flight {unknown}
 A - 2 potions of invisibility {unknown}
 C - a potion of agility {unknown}
 E - a potion of heal wounds {unknown}
Comestibles
 f - 7 rations


   Skills:
 + Level 4.9 Fighting
 + Level 5.2(5.8) Axes
 + Level 3.7(5.0) Maces & Flails
 + Level 5.0 Armour
 + Level 1.7 Dodging
 + Level 1.2 Stealth
 + Level 4.4 Shields
 + Level 0.1 Evocations


You had 7 spell levels left.
You didn't know any spells.
Your spell library contained the following spells:

 Spells                   Type           Power        Failure   Level  Hunger
 Freeze                   Ice            #...         98%         1    ##.....
 Throw Frost              Conj/Ice       #.....       99%         2    ###....
 Ozocubu's Armour         Chrm/Ice       #.......     100%        3    ####...
 Summon Ice Beast         Ice/Summ       #.......     100%        4    #####..
 Throw Icicle             Conj/Ice       #.......     100%        4    #####..


Dungeon Overview and Level Annotations

Branches:
Dungeon (6/15)
 Temple: D:4-7

Altars:
Dithmenos
Gozag
Hepliaklqana
The Shining One

Annotations:
D:6 Dowan


Innate Abilities, Weirdness & Mutations

You have razor-sharp teeth.
Your natural rate of healing is unusually fast.
When hurt, damage is shared between your health and your magic reserves.
Your bite disrupts and absorbs the magic of your enemies.
Potions cannot restore your health.
You are immune to rotting.


Message History

You are more poisoned.
You block Duvessa's attack.
Unknown command.
You slash Duvessa! Lightning courses through Duvessa!!
You kill Duvessa!
Dowan screams, "No!
Oh no!"
Dowan seems to find hidden reserves of power!
Your Armour skill increases to level 5!
* * * LOW HITPOINT WARNING * * *
You feel very sick.
Dowan casts a spell.
Dowan blinks!
* * * LOW HITPOINT WARNING * * *
You feel very sick.
Dowan gestures wildly while chanting.
Dowan blinks!
You are too berserk!
You are too berserk!
You feel a strong urge to attack something.
You die...

#.........#
##########.........#
#.......##.....†)..##
####.......##.(...).[.'.
.e.........##.........##
.......?..........>..##
##.§##.#.####.#.#.#.##
#.....#.# #.#.....#. #
#...@##.####.#.....#. .
#...)§.....#.#.......
######
#.#..##.####....#....
.....# #.#..##.#
###.###### .###. #
#...... ... #.# # .#
..... ..#. #.### ##
.#.### .. #.... # #.#..#
#.### ##### ##+##.#
#...#


You could see Dowan.

Vanquished Creatures
  Duvessa (D:6)
  2 sky beasts (D:5)
  A necrophage (D:6)
  An ice beast (D:6)
  A phantom (D:5)
  2 ogres
  A howler monkey (D:4)
  3 crimson imps
  A centaur zombie (D:5)
  4 hounds
  A jelly (D:5)
  An orc priest (D:6)
  3 orc wizards
  A bullfrog skeleton (D:4)
  Ijyb (D:3)
  Terence (D:2)
  An iguana (D:4)
  5 worker ants
  A worker ant zombie (D:6)
  4 adders
  2 shadow imps (D:6)
  3 oozes
  An adder skeleton (D:6)
  4 worms
  5 dart slugs
  3 leopard geckos
  17 orcs
  8 giant cockroaches
  5 goblins (D:3)
  9 hobgoblins
  16 jackals
  4 quokkas
  8 ball pythons
  12 bats
  8 frilled lizards
  11 kobolds
  A leopard gecko skeleton (D:5)
  6 rats
159 creatures vanquished.

Notes
Turn   | Place    | Note
-------+----------+-------------------------------------------
     0 | D:1      | Kairos the Vine Stalker Fighter began the quest for the
                  | Orb.
     0 | D:1      | Reached XP level 1. HP: 11/11 MP: 2/2
   111 | D:1      | Reached XP level 2. HP: 16/16 MP: 3/3
   194 | D:1      | Reached XP level 3. HP: 15/20 MP: 2/4
   776 | D:2      | Noticed Terence
  1411 | D:2      | Gained mutation: Your natural rate of healing is unusually
                  | fast. [Vine Stalker growth]
  1411 | D:2      | Reached XP level 4. HP: 24/24 MP: 5/5
  1520 | D:2      | Killed Terence
  1552 | D:2      | You fall through a shaft!
  1655 | D:3      | Noticed Ijyb
  1660 | D:3      | Paralysed by Ijyb for 5 turns
  1670 | D:3      | Killed Ijyb
  1670 | D:3      | Reached XP level 5. HP: 15/29 MP: 2/6
  1910 | D:3      | Reached skill level 1 in Maces & Flails
  1945 | D:3      | Found a glowing drain.
  1960 | Sewer    | Entered a sewer
  2528 | D:3      | Reached XP level 6. HP: 30/33 MP: 5/7
  2716 | D:3      | Found a hazy altar of Hepliaklqana.
  3012 | D:4      | Found a glowing golden altar of the Shining One.
  3186 | D:4      | Reached skill level 1 in Dodging
  3403 | D:4      | Reached XP level 7. HP: 37/37 MP: 8/8
  3625 | D:5      | Entered Level 5 of the Dungeon
  3635 | D:5      | Found a shadowy altar of Dithmenos.
  4284 | D:5      | Found an opulent altar of Gozag.
  4292 | D:5      | Gained mutation: You have razor-sharp teeth. [Vine Stalker
                  | growth]
  4292 | D:5      | Reached XP level 8. HP: 42/42 MP: 9/9
  4424 | D:5      | Reached skill level 1 in Stealth
  4947 | D:6      | Got an ebony quarterstaff
  5007 | D:6      | Reached skill level 5 in Axes
  5051 | D:6      | Noticed Duvessa
  5052 | D:6      | Noticed Dowan
  5065 | D:6      | Killed Duvessa
  5065 | D:6      | Reached skill level 5 in Armour
  5066 | D:6      | HP: 1/63 [poisoned by Duvessa]
  5067 | D:6      | Succumbed to Duvessa's poison

Skill      XL: |  1  2  3  4  5  6  7  8 |
---------------+-------------------------+-----
Fighting       | 3 4 |  4.9
Shields        | 3 4 |  4.4
Axes           | 2 3 5 |  5.2
Maces & Flails | 1 2 3 |  3.7
Armour         | 3 4 5 |  5.0
Dodging        | 1 |  1.7
Stealth        | 1 |  1.2
Evocations     | |  0.1

Action                   |  1- 3 |  4- 6 |  7- 9 || total
-------------------------+-------+-------+-------++-------
Melee: War axe           |    89 |    20 |     7 ||   116
       Bite              |    20 |    60 |    54 ||   134
       Flail             |       |   208 |       ||   208
       Hand axe          |       |       |   160 ||   160
Evoke: Wand              |       |       |     1 ||     1
  Use: Scroll            |       |     4 |       ||     4
       Potion            |       |       |     3 ||     3
  Eat: Ration            |     1 |       |     1 ||     2
       Chunk             |       |     5 |     2 ||     7
Armor: Scale mail        |    38 |   131 |    44 ||   213
Dodge: Dodged            |    28 |    76 |    47 ||   151
Block: Shield            |    65 |   132 |    67 ||   264
